AoeStats
← HJ007

Arena

508238843Analyzed
4v4 RM · 10d ago on Sep 21, 2026· 54m 18s· 8 players
Game mode
Random Map
Map size
Large (8 player)
Population
200
Speed
Normal
Resources
Standard
Victory
Conquest
Starting age
Dark Age
Ending age
Imperial Age
RankedLock teamsTeams togetherTeam positionsShared explorationLock speedFull tech treeHidden civsTurbo modeCheats
Victory
Defeat
🇨🇳 Jurchens · China
1182
+11
🇨🇳 Goths · China
1125
+13
🇨🇿 Berbers · Czechia
1108
+14
🇨🇳 Huns · China
965
+19
🇹🇼 Japanese · Taiwan
1100
-16
🇹🇼 Britons · Taiwan
1066
-15
🇹🇼 Malians · Taiwan
1034
-13
🇩🇪 Vietnamese · Germany
1029
-13
HJ007
10:22 Feudal Age
14:51 Castle Age
13:17 Double-Bit Axe
13:33 Horse Collar
15:59 Bow Saw
16:02 Heavy Plow
16:45 Loom
20:36 Town Watch
22:20 Gold Mining
25:41 Wheelbarrow
26:57 Scale Mail Armor
28:21 Stone Mining
31:18 Imperial Age
29:58 Stone Shaft Mining
29:43 Forging
30:17 Hand Cart
30:37 Masonry
30:29 Murder Holes
32:01 Perfusion
32:47 Architecture
33:19 Chemistry
32:33 Town Patrol
33:37 Two-Man Saw
33:40 Conscription
33:47 Anarchy
33:53 Squires
33:49 Pikeman
33:51 Man-at-Arms
35:18 Crop Rotation
34:49 Fletching
36:28 Iron Casting
36:27 Chain Mail Armor
36:39 Halberdier
38:47 Blast Furnace
38:12 Ballistics
38:33 Elite Huskarl
40:10 Bodkin Arrow
40:43 Long Swordsman
41:26 Bracer
41:27 Padded Archer Armor
42:02 Heated Shot
43:23 Leather Archer Armor
47:42 Two-Handed Swordsman
48:19 Champion
51:56 Ring Archer Armor
51:32 Scale Barding Armor
54:02 Chain Barding Armor
LELE567
10:43 Feudal Age
16:34 Castle Age
14:36 Gold Mining
15:24 Double-Bit Axe
15:44 Horse Collar
16:52 Wheelbarrow
17:17 Heavy Plow
19:58 Bow Saw
22:43 Hand Cart
26:41 Forging
31:51 Imperial Age
30:04 Gold Shaft Mining
29:19 Stone Mining
29:39 Scale Mail Armor
29:53 Husbandry
30:39 Marauders
32:14 Iron Casting
32:58 Bloodlines
32:50 Elite Tarkan
34:14 Scale Barding Armor
39:47 Chemistry
39:08 Ballistics
38:59 Masonry
40:45 Chain Barding Armor
41:25 Blast Furnace
40:41 Chain Mail Armor
42:03 Elite Skirmisher
42:49 Thumb Ring
48:58 Plate Barding Armor
48:25 Padded Archer Armor
48:15 Fletching
52:43 Arson
52:59 Squires
52:19 Pikeman
53:18 Bodkin Arrow
53:38 Leather Archer Armor
Jampud
10:38 Feudal Age
14:30 Castle Age
13:33 Double-Bit Axe
13:39 Horse Collar
15:35 Bow Saw
16:13 Gold Mining
18:21 Heavy Plow
20:54 Wheelbarrow
21:42 Loom
22:40 Hand Cart
25:30 Fletching
25:41 Padded Archer Armor
30:41 Stone Mining
31:11 Thumb Ring
31:28 Bodkin Arrow
31:39 Scale Barding Armor
35:06 Imperial Age
32:54 Bloodlines
33:45 Padded Archer Armor
34:59 Leather Archer Armor
35:56 Ballistics
39:05 Chemistry
40:23 Masonry
42:56 Bracer
44:32 Elite Camel Archer
45:44 Ring Archer Armor
46:25 Conscription
48:23 Maghrebi Camels
48:48 Chain Barding Armor
48:38 Forging
49:33 Siege Engineers
50:26 Gold Shaft Mining
52:22 Husbandry
53:10 Guilds
53:37 Kasbah
55:23 Plate Barding Armor
55:23 Iron Casting
BIN009
10:08 Feudal Age
13:48 Castle Age
11:58 Double-Bit Axe
12:12 Horse Collar
17:06 Bow Saw
20:35 Loom
21:30 Wheelbarrow
20:49 Town Watch
22:01 Gold Mining
22:03 Stone Mining
24:45 Hand Cart
29:33 Imperial Age
27:10 Scale Barding Armor
27:16 Forging
27:18 Fletching
27:47 Husbandry
27:58 Bloodlines
28:16 Chain Barding Armor
27:47 Fletching
29:50 Iron Casting
31:09 Plate Barding Armor
30:33 Bodkin Arrow
32:11 Chemistry
30:41 Elite Steppe Lancer
32:47 Blast Furnace
34:41 Bracer
36:43 Padded Archer Armor
36:43 Scale Mail Armor
39:00 Conscription
39:17 Hoardings
39:29 Sappers
39:20 Elite Iron Pagoda
41:35 Light Cavalry
42:20 Town Patrol
42:59 Hussar
49:18 Ballistics
49:09 Masonry
49:05 Siege Engineers
48:56 Murder Holes
49:12 Fortified Wall
48:47 Arrowslits
48:44 Treadmill Crane
50:27 Heavy Plow
51:31 Two-Man Saw
53:36 Fortified Bastions
53:47 Thunderclap Bombs
Heroc
1:50 Loom
2:08 Loom
11:21 Feudal Age
12:51 Wheelbarrow
12:03 Double-Bit Axe
18:39 Castle Age
16:52 Horse Collar
18:10 Stone Mining
18:32 Man-at-Arms
19:55 Bow Saw
21:45 Fletching
22:57 Bodkin Arrow
24:35 Scale Mail Armor
25:28 Gold Mining
27:32 Padded Archer Armor
27:46 Forging
27:42 Scale Barding Armor
28:18 Ballistics
32:03 Imperial Age
30:09 Murder Holes
30:02 Long Swordsman
31:01 Heavy Plow
33:51 Chemistry
34:01 Two-Handed Swordsman
36:08 Squires
36:14 Bracer
37:16 Pikeman
54:10 Chain Mail Armor
莖鋼狼
0:27 Loom
10:48 Feudal Age
15:33 Castle Age
14:32 Double-Bit Axe
28:09 Imperial Age
25:53 Horse Collar
26:53 Gold Mining
27:02 Pikeman
27:44 Squires
27:30 Gambesons
28:54 Wheelbarrow
29:40 Elite Longbowman
31:06 Conscription
33:28 Chemistry
32:35 Fletching
32:46 Padded Archer Armor
35:30 Town Watch
36:01 Hand Cart
36:33 Leather Archer Armor
36:13 Bodkin Arrow
36:19 Scale Mail Armor
36:30 Forging
36:06 Treadmill Crane
37:51 Ring Archer Armor
38:27 Bracer
38:04 Halberdier
38:30 Arson
38:17 Crossbowman
40:57 Bow Saw
41:34 Gold Shaft Mining
41:20 Arbalester
42:24 Chain Mail Armor
42:45 Iron Casting
43:52 Plate Mail Armor
43:43 Warwolf
虎戰
2:27 Loom
11:51 Feudal Age
17:34 Castle Age
18:14 Horse Collar
18:21 Double-Bit Axe
18:20 Pikeman
19:41 Bow Saw
22:48 Fletching
26:17 Scale Mail Armor
34:09 Wheelbarrow
41:21 Fortified Wall
41:09 Gold Mining
46:37 Imperial Age
45:13 Forging
47:52 Iron Casting
47:34 Chain Mail Armor
48:14 Gold Shaft Mining
47:42 Heavy Plow
48:45 Two-Man Saw
48:53 Halberdier
51:04 Squires
小奶狗
0:26 Loom
11:45 Feudal Age
15:41 Castle Age
14:13 Double-Bit Axe
21:50 Bow Saw
21:26 Horse Collar
23:22 Gold Mining
27:57 Imperial Age
27:08 Forging
26:59 Scale Mail Armor
27:41 Gold Shaft Mining
28:14 Wheelbarrow
29:13 Iron Casting
28:54 Chain Mail Armor
28:46 Squires
28:31 Arson
29:13 Conscription
28:21 Pikeman
32:09 Plate Mail Armor
31:45 Scale Barding Armor
32:55 Elite Gbeto
33:43 Heavy Plow
36:54 Farimba
40:11 Chain Barding Armor
40:49 Bloodlines
40:39 Husbandry
40:00 Heavy Camel Rider
41:19 Hand Cart
40:50 Town Watch
47:05 Crop Rotation
49:14 Plate Barding Armor
Connection lost

Rejoining the realm…

Still unreachable

The connection could not be restored.

Session expired

The server has moved on; the page needs a fresh start.